 Seeded DCSS version 0.31-a0-986-g5e6e4ef867 (webtiles) character file.

Game seed: 13278595976536889194 (custom seed)

175 timneilson the Shield-Bearer (level 5, -3/33 HPs)
             Began as a Gargoyle Fighter on Nov 11, 2023.
             Slain by Edmund
             ... wielding a +0 dire flail of protection
              (21 damage)
             ... on level 4 of the Dungeon.
             The game lasted 00:03:50 (2227 turns).

timneilson the Shield-Bearer (Gargoyle Fighter)     Turns: 2227, Time: 00:03:50

Health: -3/33      AC: 21    Str: 19    XL:     5   Next: 55%
Magic:  5/5        EV:  2    Int:  9    God:
Gold:   159        SH:  5    Dex: 17    Spells: 4/4 levels left

rFire   + . .        a - +1 long sword (chaos)
rCold   + . .        c - +0 buckler
rNeg    + . .        j - +0 gold dragon scales
rPois   ∞            (no helmet)
rElec   +            b - +0 cloak
rCorr   .            o - +0 pair of gloves
SInv    .            k - +0 pair of boots
Will    .....        (no amulet) Stlth
                     q - +6 ring of dexterity
HPRegen 0.25/turn    (no ring)
MPRegen 0.09/turn

%: no passive effects
@: no status effects
A: sickness immunity, AC +4, negative energy resistance 1, electricity
resistance, torment resistance 1, petrification resistance
a: no special abilities


You were on level 4 of the Dungeon.
You visited 1 branch of the dungeon, and saw 4 of its levels.

You collected 159 gold pieces.

Inventory:

Hand Weapons
 a - a +1 long sword of chaos (weapon)
Armour
 b - a +0 cloak (worn)
 c - a +0 buckler (worn)
 j - +0 gold dragon scales (worn)
 k - a +0 pair of boots (worn)
 o - a +0 pair of gloves (worn)
Jewellery
 q - a +6 ring of dexterity (left hand)
Wands
 l - a wand of light (10)
Scrolls
 f - a scroll of silence
 g - 2 scrolls of identify
 i - a scroll of fog {unknown}
 m - a scroll of blinking
Potions
 d - a potion of might
 h - a potion of lignification
 n - 3 potions of curing


   Skills:
 + Level 3.8 Fighting
 * Level 2.8 Long Blades
 * Level 4.2 Armour
 + Level 1.0 Dodging
 * Level 4.4 Shields
 + Level 0.8 Evocations


You had 4 spell levels left.
You didn't know any spells.
Your spell library contained the following spells:

 Spells                   Type           Power      Damage    Failure   Level
 Sandblast                Erth           0%         2d4       100%        1
 Passwall                 Tmut/Erth      0%         N/A       100%        2
 Stone Arrow              Conj/Erth      0%         3d7       100%        3
 Brom's Barrelling Bould  Conj/Erth      0%         2d3       100%        4
 Petrify                  Tmut/Erth      0%         N/A       100%        4
 Irradiate                Conj/Tmut      0%         3d11      100%        5
 Conjure Ball Lightning   Conj/Air       0%         3x3d6     100%        6
 Discord                  Hex            0%         N/A       100%        8
 Disjunction              Tloc           0%         N/A       100%        8
 Sublimation of Blood     Necr           Unusable   N/A       N/A         2

Dungeon Overview and Level Annotations

Branches:
Dungeon (4/15)
 Temple: D:4-7

Altars:
Elyvilon
Nemelex Xobeh

Annotations:
D:4 Edmund


Innate Abilities, Weirdness & Mutations

You are immune to sickness and miasma.
Your stone body is resilient. (AC +4)
You are immune to poison.
You resist negative energy. (rN+)
You are resistant to electric shocks. (rElec)
You are resistant to unholy torment.
You are immune to petrification.


Message History

You have reached level 5!
Found a stone staircase leading up.
You now have 148 gold pieces (gained 11).
g - 2 scrolls of identify (gained 1)
Found a stone staircase leading down.
You now have 159 gold pieces (gained 11).
Edmund the Younger comes into view.
He is wielding a +0 dire flail of protection and wearing a +2 chain mail of willpower.
Edmund shouts!
Edmund says, "You wouldn't believe how much I paid for this flail."
Edmund barely misses you.
You closely miss Edmund. Edmund hits you but does no damage.
You hit Edmund but do no damage.
Edmund seems to grow stronger.
Edmund hits you with a +0 dire flail of protection!
Edmund says, "People think my brother is the best.
I think he's crazy."
Edmund hits you with a +0 dire flail of protection!
* * * LOW HITPOINT WARNING * * *
You hit Edmund.
Edmund suddenly seems more resistant.
Edmund is lightly wounded.
Edmund hits you but does no damage.
You hit Edmund.
Edmund is lightly wounded.
Edmund hits you with a +0 dire flail of protection.
* * * LOW HITPOINT WARNING * * *
You block Edmund's attack.
Unknown command.
You feel much better.
Edmund hits you with a +0 dire flail of protection!
You feel much better. You block Edmund's attack.
You slash Edmund! You burn Edmund.
Edmund is moderately wounded.
Edmund hits you but does no damage.
You closely miss Edmund.
Edmund is moderately wounded.
Edmund hits you with a +0 dire flail of protection!
You hit Edmund but do no damage.
Edmund is moderately wounded.
Edmund hits you with a +0 dire flail of protection!!
Ouch! That really hurt!
You die...
Edmund whines, "They better pay attention to me now!"

. #... .. #.
##.#.#.##..
#.#######.##.##..##
...##.............
#.##.##.##.##..##
#................
#.##.............
####.....#..#.......
#.@@................
#.#......#..#.......
#....###.#.<##.....#
...># #.#..##.....#
.....# #.#..####...#
....... .....#
#......# .##..##
#....... #..#


You could see Edmund (strong, resistant).

Vanquished Creatures
  A black bear (D:4)
  3 adders
  A worm (D:3)
  2 dart slugs (D:3)
  An orc (D:3)
  6 ball pythons
  7 endoplasms
  A giant cockroach (D:1)
  A goblin (D:3)
  5 hobgoblins
  4 jackals (D:3)
  A quokka (D:2)
  6 bats
  3 frilled lizards
  4 kobolds
  5 rats
51 creatures vanquished.

Notes
Turn   | Place    | Note
-------+----------+-------------------------------------------
     0 | D:1      | timneilson the Gargoyle Fighter began the quest for the
                  | Orb.
     0 | D:1      | Reached XP level 1. HP: 14/14 MP: 1/1
   253 | D:1      | Reached XP level 2. HP: 19/19 MP: 2/2
   490 | D:1      | You fall into a shaft and drop 1 floor!
   792 | D:2      | Reached XP level 3. HP: 23/23 MP: 3/3
  1257 | D:1      | Found a faded altar of an unknown god.
  1621 | D:3      | Reached XP level 4. HP: 28/28 MP: 4/4
  1823 | D:3      | Found a sparkling altar of Nemelex Xobeh.
  2163 | D:4      | Found a white marble altar of Elyvilon.
  2167 | D:4      | Noticed a black bear
  2177 | D:4      | Killed a black bear
  2178 | D:4      | Reached skill level 1 in Dodging
  2178 | D:4      | Reached XP level 5. HP: 28/33 MP: 5/5
  2217 | D:4      | Noticed Edmund
  2227 | D:4      | Slain by Edmund

Illustrated notes

Levels and vault maps discovered:
D:1:      erik_arrival_blinker_ship, layout_basic,
          hellmonk_ecumenical_altar_inner_sanctum
D:2:      layout_basic
D:3:      layout_basic, nemelex_altar_shiori
D:4:      layout_loops_ring, elyvilon_altar_1, mainiacjoe_overflow_paths,
          minmay_temple_entry_drinking_statues, uniq_edmund

Skill      XL: |  1  2  3  4 |
---------------+-------------+-----
Long Blades    | 2 |  2.8
Shields        | 4 |  4.4
Armour         | 4 |  4.2
Dodging        | 1 |  1.0
Fighting       | |  3.8
Evocations     | |  0.8

Action                     |  1- 3 |  4- 6 || total
---------------------------+-------+-------++-------
  Melee: Long sword        |   123 |    34 ||   157
    Use: Scroll            |     9 |     3 ||    12
         Potion            |       |     2 ||     2
 Armour: Scale mail        |    24 |       ||    24
         Gold dragon scale |   126 |    44 ||   170
  Dodge: Dodged            |    29 |     6 ||    35
  Block: Buckler           |    35 |    11 ||    46

Table legend: (Time is in decaauts)
 A = Elapsed time spent in this place.
 B = Non-inter-level travel time spent in this place.
 C = Inter-level travel time spent in this place.
 D = Time resting spent in this place.
 E = Time spent auto-exploring this place.
 F = Levels seen in this place.
 G = Mean time per level.
                   A        B        C        D        E       F      G
               +--------+--------+--------+--------+--------+-----+--------+
         Total |   2279 |   2193 |     86 |     45 |   1658 |   4 |  569.8 |
       Dungeon |   2279 |   2193 |     86 |     45 |   1658 |   4 |  569.8 |
               +--------+--------+--------+--------+--------+-----+--------+

Top non-repeatable levels by time:
     D:1: 782 daAuts
     D:3: 721 daAuts
     D:2: 625 daAuts
     D:4: 149 daAuts
